Map: Orbital Shipyard

Players

State - Winner!

  • Race: Protoss Protoss
  • League: Grandmaster

llllllllllll

  • Race: Zerg Zerg
  • League: Master

VOD

Have the link to the VOD?

Description

Time

  • Played on: Dec. 28, 2015, 12:43 a.m.
  • Length: 11:48
Show
View Real Time Build Order
Export as new Build Order

State Protoss - Winner!

Build Orders: 1 Gate Expand 

Get SALT Encoding   

  12  0:02  Probe (Chrono Boost)  
  13  0:12  Probe (Chrono Boost)  
  14  0:19  Pylon  
  14  0:23  Probe (Chrono Boost)  
  15  0:37  Probe (Chrono Boost)  
  15  0:41  Gateway  
  16  0:46  Assimilator  
  16  0:47  Probe (Chrono Boost)  
  17  0:58  Probe (Chrono Boost)  
  18  1:08  Probe (Chrono Boost)  
  19  1:23  Probe (Chrono Boost), Nexus  
  20  1:33  Cybernetics Core  
  20  1:37  Probe (Chrono Boost)  
  21  1:46  Assimilator  
  21  1:47  Probe (Chrono Boost)  
  21  1:53  Pylon  
  22  2:04  Probe (Chrono Boost)  
  23  2:11  Adept, Warp Gate  
  23  2:14  Probe (Chrono Boost)  
  26  2:25  Mothership Core (Chrono Boost)  
  28  2:36  Probe (Chrono Boost), Pylon  
  29  2:39  Adept  
  29  2:44  Probe (Chrono Boost)  
  32  2:46  Probe (Chrono Boost)  
  33  2:54  Probe (Chrono Boost)  
  33  2:57  Probe (Chrono Boost)  
  35  3:05  Probe (Chrono Boost)  
  36  3:08  Probe (Chrono Boost)  
  37  3:14  Nexus  
  37  3:15  Probe (Chrono Boost)  
  37  3:18  Probe (Chrono Boost)  
  39  3:26  Probe (Chrono Boost)  
  40  3:27  Gateway  
  40  3:34  Gateway  
  40  3:36  Probe (Chrono Boost)  
  40  3:37  Probe (Chrono Boost)  
  42  3:45  Pylon  
  42  3:46  Probe (Chrono Boost)  
  42  3:48  Probe (Chrono Boost)  
  44  3:49  Pylon  
  44  4:00  Probe x2 (Chrono Boost)  
  44  4:01  Stargate  
  46  4:09  Assimilator  
  46  4:10  Probe (Chrono Boost)  
  46  4:11  Probe (Chrono Boost)  
  46  4:14  Adept, Assimilator  
  50  4:21  Probe x2 (Chrono Boost)  
  50  4:22  Stargate  
  52  4:28  Probe (Chrono Boost)  
  54  4:31  Probe (Chrono Boost)  
  54  4:32  Probe (Chrono Boost)  
  54  4:38  Probe (Chrono Boost)  
  55  4:40  Adept x2  
  55  4:42  Probe x2 (Chrono Boost)  
  59  4:49  Probe (Chrono Boost)  
  59  4:52  Probe (Chrono Boost)  
  56  4:53  Probe (Chrono Boost)  
  56  4:56  Phoenix (Chrono Boost)  
  56  4:59  Probe (Chrono Boost)  
  60  5:03  Probe x2 (Chrono Boost)  
  62  5:08  Probe (Chrono Boost), Phoenix (Chrono Boost)  
  65  5:14  Adept x3  
  65  5:16  Probe x2 (Chrono Boost)  
  65  5:20  Probe (Chrono Boost)  
  74  5:27  Probe (Chrono Boost)  
  74  5:28  Probe (Chrono Boost)  
  76  5:31  Probe (Chrono Boost)  
  77  5:36  Forge  
  77  5:37  Twilight Council  
  77  5:38  Probe x2 (Chrono Boost)  
  77  5:39  Adept x2  
  83  5:46  Probe (Chrono Boost)  
  83  5:48  Probe (Chrono Boost)  
  85  5:52  Pylon  
  85  5:54  Pylon  
  85  5:57  Assimilator  
  85  6:00  Probe (Chrono Boost), Robotics Facility  
  84  6:05  Probe (Chrono Boost)  
  84  6:11  Probe (Chrono Boost)  
  86  6:15  Phoenix x2  
  86  6:17  Protoss Ground Weapons Level 1 (Chrono Boost)  
  88  6:18  Charge  
  88  6:20  Probe (Chrono Boost)  
  88  6:22  Robotics Facility  
  89  6:27  Probe (Chrono Boost)  
  89  6:29  Probe (Chrono Boost)  
  89  6:31  Assimilator  
  91  6:37  Probe (Chrono Boost)  
  91  6:38  Probe (Chrono Boost)  
  91  6:39  Phoenix  
  92  6:40  Phoenix  
  92  6:41  Stalker x2, Probe (Chrono Boost)  
  92  6:44  Pylon  
  92  6:46  Pylon  
  100  6:52  Pylon  
  100  7:01  Immortal (Chrono Boost)  
  100  7:04  Phoenix  
  100  7:05  Phoenix  
  100  7:06  Immortal (Chrono Boost)  
  110  7:24  Pylon  
  110  7:25  Pylon  
  110  7:26  Pylon  
  110  7:28  Gateway  
  110  7:29  Phoenix  
  112  7:36  Phoenix  
  114  7:38  Immortal  
  114  7:40  Immortal  
  118  7:47  Gateway  
  118  7:49  Gateway  
  122  7:54  Phoenix  
  122  7:56  Zealot x3  
  130  8:08  Nexus  
  130  8:10  Pylon  
  130  8:11  Pylon  
  130  8:14  Phoenix  
  130  8:19  Immortal x2  
  138  8:29  Gateway  
  138  8:30  Gateway  
  138  8:31  Gateway  
  138  8:32  Templar Archives  
  138  8:34  Photon Cannon  
  138  8:35  Gateway  
  138  8:36  Gateway  
  138  8:40  Sentry x3  
  144  8:46  Protoss Air Weapons Level 1  
  144  8:48  Protoss Ground Weapons Level 2 (Chrono Boost)  
  138  9:17  Zealot x2  
  138  9:18  Zealot x4  
  138  9:22  Immortal x2  
  140  9:29  Phoenix x2  
  140  9:32  Fleet Beacon  
  140  9:38  Zealot x6  
  134  9:44  Probe x2  
  134  9:45  Probe x2  
  145  9:51  High Templar x2  
  150  9:56  Probe  
  150  9:57  Archon  
  151  10:07  Zealot x5, High Templar x2  
  155  10:08  Probe  
  155  10:09  Probe x2  
  155  10:10  Phoenix  
  155  10:13  Phoenix  
  170  10:25  Archon  
  152  10:29  Zealot x7  
  152  10:30  Zealot  
  152  10:33  Warp Prism x2  
  162  10:41  Zealot x2  
  160  10:56  Phoenix x2  
  140  11:05  Zealot x9  
  140  11:06  Zealot  
  144  11:21  Phoenix x2  
  148  11:36  Stalker  
  148  11:37  Zealot x3  
  148  11:38  Zealot x4  
Show
View Real Time Build Order
Export as new Build Order

llllllllllll Zerg 

Build Orders: 3 Hatch before Pool 

Get SALT Encoding   

  12  0:01  Drone  
  13  0:08  Drone  
  14  0:17  Overlord  
  14  0:26  Drone, Extractor  
  14  0:28  Extractor  
  13  0:29  Drone  
  16  0:36  Drone  
  17  0:46  Drone  
  18  0:56  Hatchery  
  17  1:00  Drone  
  18  1:08  Drone  
  19  1:25  Hatchery  
  18  1:28  Drone  
  18  1:32  Drone  
  20  1:42  Spawning Pool  
  20  1:44  Drone  
  20  1:50  Drone, Extractor  
  20  2:00  Overlord  
  20  2:09  Drone  
  20  2:12  Drone  
  22  2:20  Drone  
  23  2:23  Drone  
  24  2:30  Drone  
  24  2:32  Queen  
  24  2:33  Queen  
  29  2:37  Drone  
  29  2:38  Drone  
  29  2:43  Queen  
  33  2:47  Drone  
  33  2:48  Drone  
  33  2:50  Drone  
  36  2:53  Drone  
  36  2:57  Metabolic Boost  
  37  3:01  Drone  
  37  3:02  Drone  
  39  3:09  Evolution Chamber, Zergling x4  
  40  3:13  Overlord  
  40  3:16  Zergling x2  
  41  3:27  Drone  
  41  3:29  Overlord  
  42  3:40  Drone  
  42  3:41  Drone x4  
  47  3:45  Drone x2  
  47  3:46  Drone  
  47  3:47  Overlord  
  50  3:48  Drone  
  50  3:53  Zerg Melee Weapons Level 1  
  50  3:54  Drone x4  
  55  3:55  Drone  
  55  4:00  Drone x2  
  58  4:03  Overlord  
  58  4:07  Drone  
  58  4:08  Drone x2  
  61  4:13  Drone  
  61  4:14  Drone  
  63  4:18  Extractor  
  63  4:19  Drone x4, Roach Warren  
  66  4:24  Drone  
  66  4:26  Drone x6  
  66  4:27  Drone  
  66  4:30  Drone  
  74  4:38  Overlord  
  74  4:48  Zergling x2  
  72  4:57  Overlord  
  74  5:00  Roach x4  
  74  5:01  Overlord  
  74  5:03  Overlord, Extractor  
  74  5:04  Extractor  
  74  5:06  Overlord  
  78  5:10  Lair, Extractor x2  
  76  5:14  Overlord  
  76  5:18  Drone x5  
  81  5:23  Zergling x2  
  81  5:27  Drone  
  83  5:29  Drone x3  
  83  5:30  Overlord  
  86  5:36  Drone x3  
  86  5:38  Hatchery  
  86  5:41  Hatchery  
  87  5:43  Drone  
  87  5:44  Drone  
  87  5:46  Overlord  
  87  5:47  Pneumatized Carapace  
  90  5:50  Drone  
  90  5:53  Roach x3  
  96  5:58  Roach x2  
  96  6:01  Roach x3  
  104  6:05  Roach  
  104  6:06  Queen  
  104  6:09  Glial Reconstitution  
  110  6:11  Roach x3  
  110  6:12  Infestation Pit  
  110  6:17  Drone x3  
  110  6:18  Overlord, Zerg Melee Weapons Level 2  
  112  6:20  Zergling x2  
  112  6:21  Zergling x4  
  115  6:26  Queen  
  115  6:30  Queen  
  115  6:32  Zergling x6  
  122  6:34  Overlord  
  122  6:42  Zergling x4  
  122  6:43  Drone  
  125  6:48  Spore Crawler  
  125  6:50  Spore Crawler  
  123  6:54  Queen x2  
  123  7:00  Queen  
  129  7:02  Drone x7  
  129  7:05  Pathogen Glands  
  129  7:08  Burrow  
  136  7:10  Drone x2  
  136  7:11  Zergling x2  
  136  7:12  Zergling x6  
  136  7:14  Overlord x2  
  142  7:24  Overlord  
  142  7:32  Queen  
  142  7:33  Drone x2  
  142  7:34  Drone  
  142  7:35  Extractor  
  142  7:36  Spore Crawler, Extractor  
  143  7:41  Spire, Infestor x4  
  143  7:42  Infestor  
  150  7:44  Drone x2  
  150  7:45  Drone x3  
  150  7:46  Drone  
  156  7:52  Spore Crawler  
  156  7:54  Overlord  
  153  8:00  Spore Crawler  
  153  8:01  Spore Crawler  
  147  8:10  Overlord  
  147  8:12  Queen x2  
  147  8:25  Overlord  
  146  8:27  Drone x4  
  149  8:41  Overlord  
  149  8:44  Drone x2  
  149  8:45  Hatchery, Drone x3  
  149  8:47  Spine Crawler  
  149  8:48  Spine Crawler  
  151  8:54  Overlord  
  151  8:56  Hatchery  
  151  8:58  Mutalisk x10  
  151  8:59  Mutalisk x2  
  174  9:03  Mutalisk  
  174  9:04  Overlord x2  
  164  9:20  Zergling x34  
  166  9:31  Corruptor x6  
  166  9:32  Extractor  
  169  9:50  Zerg Flyer Weapons Level 1  
  169  9:59  Drone x2  
  171  10:06  Corruptor x5  
  181  10:07  Mutalisk  
  181  10:09  Zergling x14  
  181  10:12  Queen x2  
  184  10:23  Roach x8  
  177  10:28  Mutalisk  
  177  10:29  Mutalisk  
  173  10:43  Roach x7  
  173  10:47  Mutalisk  
  162  10:55  Zergling x4  
  162  10:56  Zergling x16  
  137  11:01  Roach  
  137  11:02  Roach x2  
  114  11:07  Roach  
  114  11:08  Roach x2  
  106  11:11  Roach  
  106  11:17  Roach  
  100  11:19  Roach x2  
  100  11:21  Zergling x2  
Tags
 
Add a new tag
Caveats
  • Supply blocks, unpowered buildings, or Contaminate may cause inaccurate times.
  • Supply counts are checked every 10 seconds.